 Dungeon Sprint DCSS version 0.16-a0-3972-g91ea21f (webtiles) character file.

12466817 BluebellGnoll the Intangible (level 21, 194/213 HPs)
             Began as a Spriggan Berserker on Feb 11, 2015.
             Was the Champion of Trog.
             Escaped with the Orb
             ... and 6 runes!
             The game lasted 02:53:35 (19113 turns).

BluebellGnoll the Intangible (Spriggan Berserker)  Turns: 19113, Time: 02:53:36

Health: 194/213    AC: 43    Str: 25    XL:     21   Next: 25%
Magic:  44/44      EV: 37    Int: 11    God:    Trog [******]
Gold:   767        SH: 16    Dex: 23    Spells: 0 memorised, 20 levels left

rFire  + + +     SeeInvis +     a - +8 rapier of the Lesser Evil {vamp, Dex+4}
rCold  + + +     Clarity  .     S - +11 gold dragon armour
rNeg   . . .     SustAb   .     I - +1 buckler {reflect}
rPois  +         Gourm    .     O - +2 hat
rElec  +         Spirit   +     f - +2 cloak
rCorr  +         Warding  .     (gloves unavailable)
rMut   .         NoTele   +     (boots unavailable)
MR     +++++                    y - amulet of guardian spirit
Stlth  ..........               n - ring of Suspected Treachery {rC+ EV+3}
                                H - ring "Paluf" {rF+ Dex+3}

@: berserking, resistant, very slightly contaminated, regenerating, hasted,
studying Unarmed Combat, very quick, almost entirely resistant to hostile
enchantments, extremely unstealthy
A: unfitting armour, see invisible, herbivore 3, speed 3, slow metabolism 2
a: Burn Spellbooks, Berserk, Trog's Hand, Brothers in Arms, Renounce Religion
0: Orb of Zot
}: 6/15 runes: decaying, serpentine, barnacled, elven, silver, gossamer


You escaped.
You worshipped Trog.
Trog was exalted by your worship.
You were not hungry.

You visited 1 branch You collected 1954 gold pieces.
You spent 1187 gold pieces at shops.

Inventory:

Hand weapons
 a - the +8 rapier of the Lesser Evil (weapon) {vamp, Dex+4}
   (Trog gifted it to you in the Dungeon)

   It inflicts no extra harm, but heals its wielder somewhat when it strikes a
   living foe.
   It affects your dexterity (+4).
 c - a +9 antimagic quick blade
 z - the +5 dagger of Symmetry {pierce, +Blink +Rage rC- SInv Stlth+}
   (Trog gifted it to you in the Dungeon)

   It inflicts extra damage upon your enemies.
   It makes you vulnerable to cold.
   It enhances your eyesight.
   It lets you blink.
   It lets you go berserk.
   It makes you more stealthy.
 A - the +8 quick blade "Qaqelodo" {antimagic, rF+ rC+}
   (Trog gifted it to you in the Dungeon)

   It disrupts the flow of magical energy around spellcasters and certain
   magical creatures (including the wielder).
   It protects you from fire.
   It protects you from cold.
 L - the +5 lajatang of Yzyos {slice, +Rage rF+ rN+ Dex+3}
   (You found it in the Dungeon)

   It inflicts extra damage upon your enemies.
   It affects your dexterity (+3).
   It protects you from fire.
   It protects you from negative energy.
   It lets you go berserk.
 P - a +6 quick blade
 Q - a +0 blowgun
Missiles
 l - 23 poisoned tomahawks
 o - 10 tomahawks of returning
 G - 31 tomahawks of dispersal
 K - 6 silver tomahawks
 R - 6 tomahawks
 T - 34 curare-tipped needles
 U - 13 steel tomahawks (quivered)
Armour
 f - a +2 cloak (worn)
 I - a +1 buckler of reflection (worn)
 O - a +2 hat (worn)
 S - a +11 gold dragon armour (worn)
Jewellery
 n - the ring of Suspected Treachery (right hand) {rC+ EV+3}
   (You found it in the Dungeon)

   [ring of evasion]

   It affects your evasion (+3).
   It protects you from cold.
 q - the ring of Kesihink {rPois+ Str+3 Dex+3}
   (You found it in the Dungeon)

   [ring of dexterity]

   It affects your strength (+3).
   It affects your dexterity (+3).
   It protects you from poison.
 v - the amulet "Bistra" {rCorr Dex+3}
   (You found it in the Dungeon)

   [amulet of resist corrosion]

   It protects you from acid and corrosion.
   It affects your dexterity (+3).
 y - an amulet of guardian spirit (around neck)
 E - the ring of Cowardice {Fire rElec MR+ MP+9 Str-3 Stlth+}
   (You found it in the Dungeon)

   [ring of fire]

   It enhances your fire magic, and weakens your ice magic.
   It affects your strength (-3).
   It protects you from fire.
   It makes you vulnerable to cold.
   It insulates you from electricity.
   It affects your resistance to hostile enchantments.
   It affects your magic capacity (+9).
   It makes you more stealthy.
 H - the ring "Paluf" (left hand) {rF+ Dex+3}
   (You found it in the Dungeon)

   [ring of protection from fire]

   It affects your dexterity (+3).
   It protects you from fire.
 J - an uncursed ring of invisibility
 V - an uncursed ring of ice
 W - an uncursed ring of protection from fire
Magical devices
 b - a wand of confusion (23)
 k - a wand of draining (4)
 s - a wand of hasting (1)
 X - a wand of fireball (4)
Scrolls
 i - 7 scrolls of blinking
 j - 5 scrolls of remove curse
 p - 2 scrolls of recharging
 u - a scroll of identify
 w - 6 scrolls of fog
 M - 2 scrolls of fear
 Z - 8 scrolls of enchant weapon
Potions
 d - 11 potions of curing
 g - 6 potions of magic
 h - a potion of berserk rage
 m - a potion of brilliance
 t - a potion of resistance
 x - 2 potions of restore abilities
 F - a potion of cure mutation
Books
 D - a manual of Unarmed Combat
Miscellaneous
 N - a disc of storms
Comestibles
 r - a royal jelly
 B - 23 fruits
 C - 5 bread rations


   Skills:
 O Level 27 Fighting
 O Level 27 Short Blades
 + Level 4.9 Staves
 O Level 27 Throwing
 O Level 27 Armour
 O Level 27 Dodging
 O Level 27 Stealth
 O Level 27 Shields
 O Level 27 Evocations


You had 20 spell levels left.
You didn't know any spells.

Dungeon Overview and Level Annotations

Branches:
Dungeon (1/1)

Altars:
Cheibriados
Dithmenos
Elyvilon
Fedhas
Gozag
Kikubaaqudgha
Makhleb
Nemelex Xobeh
Okawaru
Qazlal
Ru
Sif Muna
Trog
Vehumet
Xom
Yredelemnul
Zin
The Shining One
Beogh
Jiyva
Lugonu

Shops:
D [?%


Innate Abilities, Weirdness & Mutations

You are tiny and cannot use many weapons and most armour.
You have supernaturally acute eyesight.
You are a herbivore.
You cover ground extremely quickly.
You need consume almost no food.


Message History

There is an open door to the Temple here.
You close the door.
Things that are here:
a robe; a dagger; a club
There is an open door, spattered with blood here.
You close the door.
There is an open door to the Dungeon, spattered with blood here.
You close the door.
There is a staircase leading out of the dungeon here.
Drink which item? (? for menu, Esc to quit)
It has a very clean taste.
You feel an ache in your throat.
You feel robust.
Drink which item? (? for menu, Esc to quit)
You feel protected.
Drink which item? (? for menu, Esc to quit)
A red film seems to cover your vision as you go berserk!
You feel yourself moving faster!
You feel mighty!
You are too berserk!
You feel a strong urge to attack something.
You have escaped!

▓▓▓▓▓▓▓▓▓▓▓▓▓▓▓▓▓▓
...▓...▓.[.▓...▓@▓
.▓.▓.▓.▓)▓[▓.▓.▓.▓
.▓.▓.▓.▓.▓)▓.▓.▓.▓
.▓)▓.▓.▓)▓[▓.▓.▓.▓
.▓.▓.▓.▓.▓.▓.▓.▓.▓
.▓.▓.▓.▓.▓.▓.▓.▓+▓
.▓.▓.▓.▓.▓.▓.▓.▓.▓
.▓.▓.▓.▓.▓.▓+▓.▓.▓
.▓.▓.▓.▓[▓.▓.▓.▓.▓


There were no monsters in sight!

Vanquished Creatures
  4 orbs of fire (D)
  2 ancient liches (D)
  Boris (D)
  Margery (D)
  Mara (D)
  Mennas (D)
  3 Killer Klowns (D)
  A golden dragon (D)
  Jory (D)
  9 pandemonium lords (D)
  Xtahua (D)
  Frederick (D)
  An electric golem (D)
  Nikola (D)
  2 hellephants (D)
  3 Hell Sentinels (D)
  42 Orb Guardians (D)
  5 liches (D)
  2 Ice Fiends (D)
  2 tentacled monstrosities (D)
  A deep elf blademaster (D)
  4 Shadow Fiends (D)
  A sphinx (D)
  A tentacled starspawn (D)
  An Executioner (D)
  3 storm dragons (D)
  7 shadow dragons (D)
  A draconian monk (D)
  A fire giant (D)
  3 frost giants (D)
  4 greater nagas (D)
  Maud (D)
  A vault warden (D)
  A draconian scorcher (D)
  A cacodemon (D)
  Louise (D)
  A ghost moth (D)
  3 draconian knights (D)
  6 emperor scorpions (D)
  A draconian zealot (D)
  2 deep elf sorcerers (D)
  Gastronok (D)
  2 reapers (D)
  3 draconian annihilators (D)
  4 stone giants (D)
  A draconian shifter (D)
  A grey draconian (D)
  An ironheart preserver (D)
  2 black draconians (D)
  5 deep elf demonologists (D)
  2 purple draconians (D)
  A vampire knight (D)
  2 white draconians (D)
  A mottled draconian (D)
  A red draconian (D)
  4 yellow draconians (D)
  2 blizzard demons (D)
  3 merfolk javelineers (D)
  4 yaktaur captains (D)
  3 fire dragons (D)
  18 vault guards (D)
  4 merfolk impalers (D)
  2 deep elf death magi (D)
  A great orb of eyes (D)
  2 deep elf high priests (D)
  5 ice dragons (D)
  A hell beast (D)
  2 death cobs (D)
  A naga warrior (D)
  A spriggan air mage (D)
  7 hydras (D)
  An alligator snapping turtle (D)
  An ogre mage (D)
  3 merfolk aquamancers (D)
  2 centaur warriors (D)
  A naga sharpshooter (D)
  2 death yaks (D)
  A catoblepas (D)
  3 soul eaters (D)
  An orc high priest (D)
  6 hell knights (D)
  3 sun demons (D)
  An unseen horror (D)
  A fire crab (shapeshifter) (D)
  A gelid demonspawn (D)
  A cherub (D)
  A shadow demon (D)
  A putrid demonspawn (D)
  A giant orange brain (D)
  9 orc knights (D)
  A deep elf summoner (D)
  4 swamp dragons (D)
  A hill giant (D)
  4 large abominations (D)
  5 ironbrand convokers (D)
  4 wolf spiders (D)
  4 ugly things (D)
  A deep elf conjurer (D)
  2 griffons (D)
  2 cyclopes (D)
  A shining eye (D)
  An orb spider (D)
  A hornet (D)
  10 moths of wrath (D)
  2 manticores (D)
  A toenail golem (D)
  A siren (D)
  6 sixfirhies (D)
  A guardian serpent (D)
  A vault sentinel (D)
  4 smoke demons (D)
  2 black mambas (D)
  A gargoyle (D)
  3 naga magi (D)
  5 rust devils (D)
  A torpor snail (D)
  5 orange demons (D)
  A demonic crawler (D)
  A hellion (D)
  A komodo dragon (shapeshifter) (D)
  2 tormentors (D)
  4 yaktaurs (D)
  A spiny frog (D)
  A guardian mummy (D)
  2 red devils (D)
  A hellwing (D)
  2 merfolk (D)
  Sonja (D)
  4 polar bears (D)
  A jumping spider (D)
  3 blue devils (D)
  A slime creature (D)
  2 boulder beetles (D)
  A tarantella (D)
  3 redbacks (D)
  2 trapdoor spiders (D)
  5 chaos spawn (D)
  4 golden eyes (D)
  A ynoxinul (D)
  A deep elf mage (D)
  2 vampire mosquitoes (D)
  11 spriggans (D)
  2 mottled dragons (D)
  A porcupine (D)
  3 nagas (D)
  2 ogres (D)
  A swamp drake (D)
  A swamp drake (shapeshifter) (D)
  An orc warrior (D)
  5 black bears (D)
  2 eyes of draining (D)
  A centaur (D)
  A boggart (D)
  A big kobold (shapeshifter) (D)
  2 crocodiles (D)
  2 giant frogs (D)
  A scorpion (D)
  A gnoll sergeant (D)
  A wight (D)
  5 orc priests (D)
  An iron imp (D)
  A jelly (D)
  2 crimson imps (D)
  A gnoll shaman (D)
  3 orc wizards (D)
  3 quasits (D)
  5 shadow imps (D)
  A white imp (D)
  An ufetubus (D)
  An adder zombie (D)
  An adder simulacrum (D)
  A giant gecko (D)
  12 orcs (D)
  A giant cockroach (D)
  A goblin (D)
  A hobgoblin (D)
  3 bats (D)
  A bat simulacrum (D)
  A giant gecko zombie (D)
  A giant newt (D)
  2 rats (D)
465 creatures vanquished.

Vanquished Creatures (collateral kills)
  An ancient lich (D)
  Norris (D)
  A sphinx (D)
  2 shadow dragons (D)
  Ilsuiw (D)
  An emperor scorpion (D)
  A stone giant (D)
  A vampire knight (D)
  A white draconian (D)
  A mottled draconian (D)
  A purple draconian (D)
  A mummy priest (D)
  A green death (D)
  A merfolk impaler (D)
  7 vault guards (D)
  A deep elf high priest (D)
  A fire dragon (D)
  A naga warrior (D)
  An anaconda (D)
  3 hydras (D)
  An ice dragon (D)
  A rakshasa (D)
  A deep elf knight (D)
  3 orc knights (D)
  An ironbrand convoker (D)
  A naga ritualist (D)
  A shadow wraith (D)
  A griffon (D)
  2 orc sorcerers (D)
  4 black mambas (D)
  A manticore (D)
  Maurice (D)
  A rust devil (D)
  A guardian serpent (shapeshifter) (D)
  A spiny frog (D)
  A komodo dragon (D)
  A gargoyle (D)
  A naga mage (D)
  A demonic crawler (D)
  A jumping spider (D)
  A snapping turtle (D)
  A freezing wraith (D)
  A blink frog (shapeshifter) (D)
  A slime creature (D)
  2 orc zombies (D)
  A hippogriff (D)
  A deep elf fighter (D)
  An insubstantial wisp (D)
  A soldier ant (D)
  A porcupine (D)
  A naga (D)
  3 water moccasins (D)
  5 orc warriors (D)
  A small abomination (D)
  3 giant frogs (D)
  2 orc wizards (D)
  2 adders (D)
  3 orcs (D)
  A bat (D)
87 creatures vanquished.

Vanquished Creatures (others)
  A deep elf blademaster (D)
  2 stone giants (D)
  An ice dragon (D)
  4 deep trolls (D)
  2 iron trolls (D)
  5 hill giants (D)
  A naga mage (D)
  An orange demon (D)
  3 trolls (D)
  2 ogres (D)
  An iguana (D)
  A fungus (D)
  2 plants (D)
  A starspawn tentacle (D)
27 creatures vanquished.

Grand Total: 579 creatures vanquished

Notes
Turn   | Place    | Note
--------------------------------------------------------------
     0 | D        | BluebellGnoll, the Spriggan Berserker, began the quest for the Orb.
     0 | D        | Reached XP level 1. HP: 11/11 MP: 2/2
    20 | D        | Acquired Trog's second power
    20 | D        | Reached skill level 4 in Stealth
    34 | D        | Reached skill level 5 in Stealth
   349 | D        | Noticed a gnoll shaman
   351 | D        | Reached XP level 2. HP: 16/16 MP: 4/4
   363 | D        | Acquired Trog's third power
   363 | D        | Reached skill level 5 in Short Blades
   374 | D        | Killed a gnoll shaman
   374 | D        | Reached skill level 7 in Short Blades
   374 | D        | Reached XP level 3. HP: 16/19 MP: 6/6
   392 | D        | Found a glowing silver altar of Zin.
   392 | D        | Found a glowing golden altar of the Shining One.
   392 | D        | Found an ancient bone altar of Kikubaaqudgha.
   392 | D        | Found a basalt altar of Yredelemnul.
   392 | D        | Found a shimmering altar of Xom.
   392 | D        | Found a radiant altar of Vehumet.
   392 | D        | Found an iron altar of Okawaru.
   393 | D        | Found a burning altar of Makhleb.
   394 | D        | Found a deep blue altar of Sif Muna.
   395 | D        | Found a bloodstained altar of Trog.
   396 | D        | Found a sparkling altar of Nemelex Xobeh.
   397 | D        | Found a white marble altar of Elyvilon.
   398 | D        | Found a roughly hewn altar of Beogh.
   399 | D        | Found a viscous altar of Jiyva.
   400 | D        | Found a corrupted altar of Lugonu.
   401 | D        | Found a blossoming altar of Fedhas.
   402 | D        | Found a snail-covered altar of Cheibriados.
   403 | D        | Found a shadowy altar of Dithmenos.
   404 | D        | Found a stormy altar of Qazlal.
   405 | D        | Found an opulent altar of Gozag.
   406 | D        | Found a sacrificial altar of Ru.
   450 | D        | Noticed a centaur
   450 | D        | Noticed a black bear
   450 | D        | Noticed a gnoll sergeant
   450 | D        | Noticed an iguana
   450 | D        | Noticed an unseen horror
   452 | D        | Killed a centaur
   452 | D        | Reached skill level 10 in Short Blades
   452 | D        | Reached XP level 4. HP: 23/23 MP: 8/8
   460 | D        | Killed a gnoll sergeant
   460 | D        | Reached XP level 5. HP: 8/30 MP: 10/10
   461 | D        | Banished an iguana
   461 | D        | Reached skill level 5 in Fighting
   467 | D        | Killed an unseen horror
   467 | D        | Received a gift from Trog
   467 | D        | Reached skill level 11 in Fighting
   467 | D        | Reached XP level 6. HP: 2/43 MP: 12/12
   467 | D        | Reached XP level 7. HP: 2/47 MP: 14/14
   766 | D        | Noticed a komodo dragon
   766 | D        | Noticed an orc wizard
   766 | D        | Noticed an ogre
   766 | D        | Noticed an ogre
   768 | D        | Killed a komodo dragon
   775 | D        | Killed an ogre
   775 | D        | Reached XP level 8. HP: 52/52 MP: 16/16
   780 | D        | Received a gift from Trog
   925 | D        | Noticed a spiny frog
   925 | D        | Noticed a crocodile
   925 | D        | Noticed a porcupine
   925 | D        | Noticed a giant frog
   925 | D        | Noticed a giant frog
   925 | D        | Noticed a black mamba
   925 | D        | Noticed a water moccasin
   926 | D        | Noticed a giant frog
   927 | D        | Killed a spiny frog
   928 | D        | Noticed a hippogriff
   929 | D        | Killed a crocodile
   931 | D        | Killed a porcupine
   931 | D        | Reached skill level 12 in Dodging
   933 | D        | Killed a giant frog
   933 | D        | Reached skill level 13 in Dodging
   939 | D        | Killed a giant frog
   952 | D        | Killed a black mamba
   952 | D        | Reached skill level 14 in Dodging
   953 | D        | Killed a water moccasin
   953 | D        | Received a gift from Trog
   953 | D        | Reached skill level 15 in Dodging
   953 | D        | Killed a giant frog
   953 | D        | Reached XP level 9. HP: 38/56 MP: 18/18
   954 | D        | Got a crystal demon whip {god gift}
   955 | D        | Killed a hippogriff
   969 | D        | Noticed a seven-headed hydra
   969 | D        | Noticed a porcupine
   969 | D        | Noticed a black mamba
   969 | D        | Noticed a boulder beetle
   969 | D        | Noticed a giant frog
   973 | D        | Killed an eight-headed hydra
   973 | D        | Reached skill level 16 in Dodging
   973 | D        | Killed a porcupine
   973 | D        | Received a gift from Trog
   973 | D        | Reached skill level 17 in Dodging
   978 | D        | Identified the -3 demon whip of Sequestration {freeze, rF+} (Trog gifted it to you in the Dungeon)
   980 | D        | Killed a black mamba
   982 | D        | Noticed a black mamba
   990 | D        | Killed a boulder beetle
   990 | D        | Reached skill level 18 in Dodging
   992 | D        | Noticed a griffon
  1004 | D        | Killed a giant frog
  1022 | D        | Killed a black mamba
  1022 | D        | Reached skill level 19 in Dodging
  1259 | D        | Killed a griffon
  1259 | D        | Received a gift from Trog
  1259 | D        | Reached skill level 20 in Dodging
  1403 | D        | Noticed a black bear
  1403 | D        | Noticed a black bear
  1403 | D        | Noticed a polar bear
  1403 | D        | Noticed a polar bear
  1403 | D        | Noticed a polar bear
  1403 | D        | Noticed a black bear
  1403 | D        | Noticed a polar bear
  1404 | D        | Noticed a black bear
  1413 | D        | Killed a black bear
  1425 | D        | Killed a polar bear
  1480 | D        | Killed a polar bear
  1480 | D        | Reached skill level 10 in Stealth
  1480 | D        | Reached XP level 10. HP: 61/61 MP: 19/19
  1501 | D        | Killed a polar bear
  1513 | D        | Killed a polar bear
  1519 | D        | Killed a black bear
  1525 | D        | Killed a black bear
  1532 | D        | Killed a black bear
  1636 | D        | Noticed Maurice
  1677 | D        | Killed Maurice
  1715 | D        | Noticed an orc wizard
  1715 | D        | Noticed an orc wizard
  1715 | D        | Noticed an orc knight
  1718 | D        | Noticed an orc priest
  1724 | D        | Killed an orc wizard
  1724 | D        | Received a gift from Trog
  1725 | D        | Killed an orc wizard
  1729 | D        | Noticed an orc wizard
  1730 | D        | Noticed an orc priest
  1736 | D        | Noticed an orc priest
  1739 | D        | Killed an orc wizard
  1775 | D        | Killed an orc knight
  1775 | D        | Received a gift from Trog
  1823 | D        | Killed an orc priest
  1829 | D        | Killed an orc priest
  1833 | D        | Killed an orc priest
  1851 | D        | Noticed an orc priest
  1855 | D        | Noticed an orc wizard
  1857 | D        | Killed an orc priest
  1875 | D        | Killed an orc wizard
  1894 | D        | Received a gift from Trog
  1904 | D        | Got a crude war axe {god gift}
  1943 | D        | Noticed an orc knight
  1943 | D        | Noticed an orc warrior
  1943 | D        | Noticed an orc priest
  1943 | D        | Noticed an orc warrior
  1943 | D        | Noticed an orc knight
  1944 | D        | Noticed an orc knight
  1946 | D        | Killed an orc warrior
  1946 | D        | Killed an orc priest
  1954 | D        | Noticed an orc warrior
  1959 | D        | Noticed an orc warrior
  1989 | D        | Noticed an orc warrior
  1997 | D        | Killed an orc knight
  2001 | D        | Killed an orc knight
  2002 | D        | Noticed an orc warrior
  2034 | D        | Killed an orc knight
  2034 | D        | Reached skill level 15 in Stealth
  2036 | D        | Killed an orc warrior
  2036 | D        | Received a gift from Trog
  2038 | D        | Killed an orc warrior
  2040 | D        | Killed an orc warrior
  2042 | D        | Identified the +8 war axe "Tygy Nykonn" {venom, Dex+2} (Trog gifted it to you in the Dungeon)
  2042 | D        | Killed an orc warrior
  2045 | D        | Killed an orc warrior
  2149 | D        | Found Qapp's Distillery.
  2149 | D        | Noticed an orc high priest
  2149 | D        | Noticed an orc knight
  2149 | D        | Noticed an orc sorcerer
  2150 | D        | Found Qaqug's Armour Shoppe.
  2154 | D        | Received a gift from Trog
  2160 | D        | Killed an orc high priest
  2161 | D        | Noticed an orc sorcerer
  2196 | D        | Killed an orc knight
  2196 | D        | Reached XP level 11. HP: 41/65 MP: 27/27
  2203 | D        | Killed an orc sorcerer
  2211 | D        | Killed an orc sorcerer
  2222 | D        | Found Wesurch's Magic Scroll Emporium.
  2227 | D        | Found Grangeitt's Food Shoppe.
  2246 | D        | Received a gift from Trog
  2270 | D        | Received a gift from Trog
  2292 | D        | Bought a scroll of remove curse for 42 gold pieces
  2292 | D        | Bought a scroll of fear for 49 gold pieces
  2292 | D        | Bought a scroll of blinking for 105 gold pieces
  2292 | D        | Bought a scroll of fear for 49 gold pieces
  2298 | D        | Bought a +0 buckler for 45 gold pieces
  2307 | D        | Bought a potion of poison for 13 gold pieces
  2307 | D        | Bought a potion of agility for 52 gold pieces
  2307 | D        | Bought a potion of degeneration for 13 gold pieces
  2307 | D        | Bought a potion of haste for 130 gold pieces
  2307 | D        | Bought a potion of restore abilities for 65 gold pieces
  2307 | D        | Bought a potion of resistance for 130 gold pieces
  2315 | D        | Bought a bread ration for 65 gold pieces
  2315 | D        | Bought a bread ration for 65 gold pieces
  2315 | D        | Bought a bread ration for 65 gold pieces
  2324 | D        | Bought a potion of restore abilities for 65 gold pieces
  2384 | D        | Noticed Gastronok
  2395 | D        | Killed Gastronok
  2396 | D        | Noticed Sonja
  2413 | D        | Killed Sonja
  2503 | D        | Noticed a wight
  2503 | D        | Noticed a komodo dragon
  2503 | D        | Noticed a manticore
  2503 | D        | Noticed a mottled dragon
  2503 | D        | Noticed a jelly
  2503 | D        | Noticed an orc knight
  2503 | D        | Noticed a soldier ant
  2509 | D        | Killed a komodo dragon
  2509 | D        | Received a gift from Trog
  2510 | D        | Killed a wight
  2511 | D        | Noticed a giant frog
  2513 | D        | Killed a manticore
  2516 | D        | Noticed a deep elf summoner
  2517 | D        | Noticed an ice dragon
  2520 | D        | Noticed a stone giant
  2530 | D        | Killed a mottled dragon
  2533 | D        | Killed a jelly
  2534 | D        | Noticed a white ugly thing
  2554 | D        | Killed an orc knight
  2554 | D        | Reached skill level 15 in Short Blades
  2556 | D        | Killed a soldier ant
  2560 | D        | Killed a giant frog
  2560 | D        | Received a gift from Trog
  2564 | D        | Killed an ice dragon
  2565 | D        | Noticed a centaur warrior
  2684 | D        | Killed a stone giant
  2724 | D        | Noticed a deep elf mage
  2727 | D        | Killed a white ugly thing
  2741 | D        | Killed a centaur warrior
  2834 | D        | Killed a deep elf mage
  3063 | D        | Killed a deep elf summoner
  3063 | D        | Received a gift from Trog
  3131 | D        | Noticed a rakshasa
  3151 | D        | Killed a rakshasa
  3372 | D        | Noticed a black mamba
  3372 | D        | Noticed a naga sharpshooter
  3372 | D        | Noticed a black mamba
  3372 | D        | Noticed an anaconda
  3372 | D        | Noticed a black mamba
  3372 | D        | Noticed a naga mage
  3372 | D        | Noticed a naga
  3376 | D        | Killed a black mamba
  3377 | D        | Noticed a naga warrior
  3378 | D        | Noticed a naga ritualist
  3407 | D        | Killed a naga sharpshooter
  3409 | D        | Killed an anaconda
  3409 | D        | Reached skill level 5 in Armour
  3410 | D        | Killed a black mamba
  3411 | D        | Killed a black mamba
  3411 | D        | Received a gift from Trog
  3411 | D        | Reached XP level 12. HP: 31/70 MP: 13/28
  3412 | D        | Got a jewelled rapier {god gift}
  3413 | D        | Killed a naga warrior
  3417 | D        | Killed a naga ritualist
  3418 | D        | Killed a naga mage
  3420 | D        | Killed a naga
  3445 | D        | Identified the +8 rapier of the Lesser Evil {vamp, Dex+4} (Trog gifted it to you in the Dungeon)
  3596 | D        | Noticed a redback
  3596 | D        | Noticed a scorpion
  3596 | D        | Noticed an emperor scorpion
  3596 | D        | Noticed an orb spider
  3596 | D        | Noticed a tarantella
  3596 | D        | Noticed a wolf spider
  3597 | D        | Noticed a wolf spider
  3598 | D        | Killed a redback
  3598 | D        | Received a gift from Trog
  3601 | D        | Killed a scorpion
  3640 | D        | Killed an emperor scorpion
  3646 | D        | Killed an orb spider
  3653 | D        | Killed a tarantella
  3662 | D        | Killed a wolf spider
  3670 | D        | Killed a wolf spider
  3672 | D        | Received a gift from Trog
  3678 | D        | Received a gift from Trog
  3706 | D        | Noticed a trapdoor spider
  3713 | D        | Killed a trapdoor spider
  3715 | D        | Noticed a trapdoor spider
  3726 | D        | Killed a trapdoor spider
  3726 | D        | Reached skill level 10 in Armour
  3767 | D        | Noticed a six-headed hydra
  3767 | D        | Noticed a water moccasin
  3767 | D        | Noticed a slime creature
  3767 | D        | Noticed a seven-headed hydra
  3767 | D        | Noticed a spiny frog
  3775 | D        | Killed a seven-headed hydra
  3775 | D        | Killed a water moccasin
  3777 | D        | Killed a slime creature
  3778 | D        | Noticed an insubstantial wisp
  3779 | D        | Noticed a water moccasin
  3781 | D        | Received a gift from Trog
  3781 | D        | Killed a seven-headed hydra
  3781 | D        | Reached skill level 5 in Throwing
  3781 | D        | Killed a spiny frog
  3783 | D        | Killed a water moccasin
  3784 | D        | Killed an insubstantial wisp
  3794 | D        | Noticed a snapping turtle
  3794 | D        | Noticed a griffon
  3794 | D        | Noticed a manticore
  3794 | D        | Noticed a cyclops
  3794 | D        | Noticed a siren
  3794 | D        | Noticed a manticore
  3794 | D        | Noticed an alligator snapping turtle
  3798 | D        | Killed a snapping turtle
  3799 | D        | Killed a griffon
  3801 | D        | Noticed a merfolk
  3802 | D        | Noticed a griffon
  3805 | D        | Killed a manticore
  3805 | D        | Received a gift from Trog
  3812 | D        | Killed a cyclops
  3812 | D        | Received a gift from Trog
  3814 | D        | Killed a siren
  3817 | D        | Killed a manticore
  3822 | D        | Killed an alligator snapping turtle
  3824 | D        | Killed a merfolk
  3828 | D        | Killed a griffon
  3828 | D        | Reached skill level 10 in Throwing
  3844 | D        | Received a gift from Trog
  3983 | D        | Noticed Maud
  4035 | D        | Killed Maud
  4094 | D        | Noticed an ice dragon
  4094 | D        | Noticed a death yak
  4094 | D        | Noticed a red ugly thing
  4094 | D        | Noticed a yaktaur
  4094 | D        | Noticed a great orb of eyes
  4094 | D        | Noticed a frost giant
  4094 | D        | Noticed a yaktaur captain
  4119 | D        | Noticed a fire giant
  4120 | D        | Killed an ice dragon
  4130 | D        | Noticed a frost giant
  4134 | D        | Killed a death yak
  4152 | D        | Noticed a torpor snail
  4152 | D        | Killed a red ugly thing
  4160 | D        | Killed a yaktaur
  4160 | D        | Received a gift from Trog
  4200 | D        | Killed a great orb of eyes
  4200 | D        | Received a gift from Trog
  4200 | D        | Reached XP level 13. HP: 77/77 MP: 18/29
  4225 | D        | Killed a frost giant
  4248 | D        | Killed a frost giant
  4271 | D        | Killed a yaktaur captain
  4271 | D        | Received a gift from Trog
  4303 | D        | Killed a fire giant
  4303 | D        | Reached skill level 15 in Fighting
  4323 | D        | Noticed a yaktaur captain
  4324 | D        | Noticed a spriggan air mage
  4325 | D        | Killed a torpor snail
  4345 | D        | Noticed a boggart
  4348 | D        | Killed a yaktaur captain
  4349 | D        | Noticed a death yak
  4355 | D        | Noticed a hill giant
  4364 | D        | Killed a boggart
  4364 | D        | Received a gift from Trog
  4368 | D        | Killed a spriggan air mage
  4395 | D        | Killed a death yak
  4404 | D        | Killed a hill giant
  4409 | D        | Received a gift from Trog
  4415 | D        | Noticed a frost giant
  4418 | D        | Noticed a fire drake
  4419 | D        | Noticed a slime creature
  4426 | D        | a fire drake changed into an ogre
  4448 | D        | Killed a frost giant
  4470 | D        | Killed a slime creature
  4470 | D        | Received a gift from Trog
  4479 | D        | Noticed a boring beetle
  4479 | D        | Noticed an orc knight
  4479 | D        | Noticed a queen bee
  4479 | D        | Noticed a vampire mosquito
  4479 | D        | Noticed a vampire mosquito
  4480 | D        | Noticed an ironbrand convoker
  4484 | D        | Noticed a vault warden
  4485 | D        | a queen bee changed into a spiny frog
  4488 | D        | a boring beetle changed into a fire crab
  4492 | D        | Received a gift from Trog
  4532 | D        | Killed an orc knight
  4569 | D        | Killed a vampire mosquito
  4574 | D        | Noticed a gargoyle
  4574 | D        | Noticed a spriggan baker
  4574 | D        | Noticed a guardian mummy
  4574 | D        | Noticed a mummy priest
  4574 | D        | Noticed an orc knight
  4574 | D        | Killed a vampire mosquito
  4603 | D        | Killed a vault warden
  4603 | D        | Reached skill level 21 in Dodging
  4680 | D        | Killed a mummy priest
  4682 | D        | Killed an orc knight
  4684 | D        | Killed a gargoyle
  4711 | D        | Noticed a sphinx
  4711 | D        | Noticed a deep elf high priest
  4711 | D        | Noticed a merfolk impaler
  4711 | D        | Noticed a stone giant
  4718 | D        | Killed a deep elf high priest
  4718 | D        | Reached skill level 22 in Dodging
  4722 | D        | Killed a merfolk impaler
  4722 | D        | Received a gift from Trog
  4737 | D        | Killed an ironbrand convoker
  4737 | D        | Received a gift from Trog
  4745 | D        | Killed a guardian mummy
  4753 | D        | Noticed a merfolk impaler
  4762 | D        | Paralysed by a sphinx for 6 turns
  4774 | D        | Killed a sphinx
  4774 | D        | Received a gift from Trog
  4774 | D        | Reached skill level 23 in Dodging
  4893 | D        | Killed a stone giant
  4893 | D        | Reached skill level 24 in Dodging
  4895 | D        | Killed a merfolk impaler
  4921 | D        | Killed a spriggan baker
  4980 | D        | Noticed a vault sentinel
  4983 | D        | Noticed an ironbrand convoker
  4988 | D        | Noticed a deep elf fighter
  5001 | D        | Killed a vault sentinel
  5001 | D        | Received a gift from Trog
  5002 | D        | Noticed a brown ugly thing
  5004 | D        | Noticed an ironbrand convoker
  5006 | D        | Noticed a vampire knight
  5006 | D        | Noticed a white draconian
  5006 | D        | Noticed an orc knight
  5006 | D        | Noticed a tentacled starspawn
  5009 | D        | Killed an ironbrand convoker
  5010 | D        | Noticed a shadow wraith
  5017 | D        | Noticed a freezing wraith
  5026 | D        | Killed a tentacled starspawn
  5026 | D        | Reached skill level 25 in Dodging
  5026 | D        | Reached XP level 14. HP: 82/88 MP: 26/30
  5045 | D        | Killed a vampire knight
  5047 | D        | Killed a white draconian
  5047 | D        | Reached skill level 26 in Dodging
  5064 | D        | Killed a brown ugly thing
  5064 | D        | Received a gift from Trog
  5065 | D        | Killed a deep elf fighter
  5065 | D        | Received a gift from Trog
  5070 | D        | Killed an ironbrand convoker
  5070 | D        | Received a gift from Trog
  5081 | D        | Killed an orc knight
  5081 | D        | Received a gift from Trog
  5083 | D        | Killed a shadow wraith
  5085 | D        | Killed a freezing wraith
  5108 | D        | Noticed a centaur warrior
  5116 | D        | Killed a centaur warrior
  5118 | D        | Received a gift from Trog
  5184 | D        | Noticed Mara
  5194 | D        | Noticed BluebellGnoll's illusion
  5228 | D        | Killed Mara
  5228 | D        | Reached skill level 27 in Dodging
  5411 | D        | Noticed Norris
  5416 | D        | Noticed Nikola
  5452 | D        | Killed Norris
  5503 | D        | Killed Nikola
  5609 | D        | Noticed a wolf spider
  5609 | D        | Noticed a demonic crawler
  5609 | D        | Noticed a redback
  5609 | D        | Noticed an emperor scorpion
  5609 | D        | Noticed an emperor scorpion
  5609 | D        | Noticed an emperor scorpion
  5609 | D        | Noticed a ghost moth
  5610 | D        | Noticed an emperor scorpion
  5611 | D        | Killed a wolf spider
  5612 | D        | Noticed an emperor scorpion
  5613 | D        | Killed a demonic crawler
  5613 | D        | Received a gift from Trog
  5614 | D        | Noticed a jumping spider
  5615 | D        | Killed a redback
  5616 | D        | Noticed a moth of wrath
  5617 | D        | Killed an emperor scorpion
  5617 | D        | Received a gift from Trog
  5618 | D        | Noticed an emperor scorpion
  5619 | D        | Killed an emperor scorpion
  5620 | D        | Noticed a redback
  5621 | D        | Killed an emperor scorpion
  5623 | D        | Killed a ghost moth
  5623 | D        | Received a gift from Trog
  5633 | D        | Killed a jumping spider
  5635 | D        | Killed an emperor scorpion
  5635 | D        | Received a gift from Trog
  5635 | D        | Reached skill level 27 in Stealth
  5641 | D        | Killed an emperor scorpion
  5648 | D        | Killed a moth of wrath
  5657 | D        | Received a gift from Trog
  5699 | D        | Killed an emperor scorpion
  5701 | D        | Killed a redback
  5715 | D        | Got a gossamer rune of Zot
  5717 | D        | Received a gift from Trog
  5769 | D        | Noticed a greater naga
  5769 | D        | Noticed a greater naga
  5769 | D        | Noticed a naga mage
  5769 | D        | Noticed a naga mage
  5769 | D        | Noticed a guardian serpent
  5769 | D        | Noticed a naga
  5769 | D        | Noticed a greater naga
  5770 | D        | Noticed a greater naga
  5788 | D        | Killed a greater naga
  5788 | D        | Received a gift from Trog
  5789 | D        | Noticed a naga warrior
  5793 | D        | Noticed a naga mage
  5806 | D        | Killed a greater naga
  5814 | D        | Noticed a naga
  5818 | D        | Killed a naga mage
  5826 | D        | Noticed a naga mage
  5827 | D        | Killed a greater naga
  5827 | D        | Received a gift from Trog
  5833 | D        | Killed a naga
  5856 | D        | Killed a naga warrior
  6030 | D        | Killed a naga mage
  6030 | D        | Received a gift from Trog
  6067 | D        | Killed a naga mage
  6067 | D        | Received a gift from Trog
  6083 | D        | Killed a naga mage
  6083 | D        | Received a gift from Trog
  6083 | D        | Reached XP level 15. HP: 96/96 MP: 31/31
  6107 | D        | Noticed a naga
  6113 | D        | Killed a guardian serpent
  6116 | D        | Killed a naga
  6126 | D        | Killed a naga
  6143 | D        | Killed a greater naga
  6143 | D        | Received a gift from Trog
  6152 | D        | Got a dazzling scimitar {god gift}
  6161 | D        | Got a serpentine rune of Zot
  6170 | D        | Noticed a merfolk javelineer
  6170 | D        | Noticed a merfolk impaler
  6170 | D        | Noticed a merfolk aquamancer
  6170 | D        | Noticed a merfolk aquamancer
  6170 | D        | Noticed a merfolk
  6170 | D        | Noticed Ilsuiw
  6171 | D        | Noticed a merfolk impaler
  6172 | D        | Noticed a merfolk javelineer
  6172 | D        | Killed a merfolk javelineer
  6189 | D        | Killed a merfolk aquamancer
  6209 | D        | Killed a merfolk aquamancer
  6359 | D        | Killed Ilsuiw
  6359 | D        | Received a gift from Trog
  6393 | D        | Killed a merfolk javelineer
  6429 | D        | Killed a merfolk impaler
  6442 | D        | Noticed a merfolk impaler
  6465 | D        | Killed a merfolk impaler
  6489 | D        | Killed a merfolk impaler
  6492 | D        | Received a gift from Trog
  6521 | D        | Killed a merfolk
  6540 | D        | Noticed a merfolk aquamancer
  6543 | D        | Noticed a merfolk javelineer
  6548 | D        | Killed a merfolk aquamancer
  6564 | D        | Killed a merfolk javelineer
  6572 | D        | Got a barnacled rune of Zot
  6630 | D        | Noticed a five-headed hydra
  6630 | D        | Noticed an eight-headed hydra
  6630 | D        | Noticed a swamp dragon
  6630 | D        | Noticed a swamp dragon
  6630 | D        | Noticed a six-headed hydra
  6630 | D        | Noticed a four-headed hydra
  6632 | D        | Noticed a five-headed hydra
  6632 | D        | Noticed a swamp drake
  6639 | D        | Killed an eight-headed hydra
  6639 | D        | Received a gift from Trog
  6644 | D        | Killed a five-headed hydra
  6647 | D        | Noticed a swamp dragon
  6650 | D        | Noticed a seven-headed hydra
  6653 | D        | Killed a swamp dragon
  6654 | D        | Noticed a swamp dragon
  6664 | D        | Killed a swamp dragon
  6674 | D        | Killed a four-headed hydra
  6680 | D        | Noticed a four-headed hydra
  6684 | D        | Killed a five-headed hydra
  6695 | D        | Killed a six-headed hydra
  6695 | D        | Received a gift from Trog
  6702 | D        | Killed a swamp drake
  6702 | D        | Received a gift from Trog
  6716 | D        | Killed a swamp dragon
  6727 | D        | Killed a seven-headed hydra
  6740 | D        | Killed a swamp dragon
  6748 | D        | Killed a four-headed hydra
  6750 | D        | Received a gift from Trog
  6750 | D        | Received a gift from Trog
  6762 | D        | Got a decaying rune of Zot
  6860 | D        | Identified the +3 scimitar of Abomination {venom, rN+ Int+4} (Trog gifted it to you in the Dungeon)
  6996 | D        | Noticed Xtahua
  7315 | D        | Noticed Louise
  7317 | D        | Noticed Frederick
  7335 | D        | Killed Xtahua
  7403 | D        | Killed Frederick
  7461 | D        | Killed Louise
  7461 | D        | Received a gift from Trog
  7468 | D        | Received a gift from Trog
  7614 | D        | Noticed a vault guard
  7614 | D        | Noticed a vault guard
  7614 | D        | Noticed a vault guard
  7614 | D        | Noticed a vault guard
  7614 | D        | Noticed a vault guard
  7614 | D        | Noticed a vault guard
  7614 | D        | Noticed a vault guard
  7615 | D        | Noticed a vault guard
  7631 | D        | Killed a vault guard
  7643 | D        | Noticed a vault guard
  7650 | D        | Killed a vault guard
  7666 | D        | Noticed a vault guard
  7673 | D        | Killed a vault guard
  7673 | D        | Received a gift from Trog
  7674 | D        | Noticed a vault guard
  7686 | D        | Killed a vault guard
  7708 | D        | Noticed a vault guard
  7712 | D        | Killed a vault guard
  7728 | D        | Killed a vault guard
  7728 | D        | Received a gift from Trog
  7740 | D        | Noticed a vault guard
  7740 | D        | Killed a vault guard
  7772 | D        | Noticed a vault guard
  7780 | D        | Killed a vault guard
  7789 | D        | Killed a vault guard
  7791 | D        | Killed a vault guard
  7795 | D        | Killed a vault guard
  7795 | D        | Received a gift from Trog
  7797 | D        | Killed a vault guard
  7800 | D        | Killed a vault guard
  7801 | D        | Killed a vault guard
  7807 | D        | Got a scorched falchion {god gift}
  7809 | D        | Received a gift from Trog
  7817 | D        | Noticed a vault guard
  7818 | D        | Noticed a vault guard
  7819 | D        | Noticed a vault guard
  7820 | D        | Noticed a vault guard
  7821 | D        | Noticed a vault guard
  7822 | D        | Noticed a vault guard
  7823 | D        | Noticed a vault guard
  7824 | D        | Noticed a vault guard
  7828 | D        | Killed a vault guard
  7841 | D        | Killed a vault guard
  7848 | D        | Noticed a vault guard
  7852 | D        | Noticed a vault guard
  7864 | D        | Killed a vault guard
  7869 | D        | Noticed a vault guard
  7873 | D        | Killed a vault guard
  7873 | D        | Received a gift from Trog
  7888 | D        | Killed a vault guard
  7902 | D        | Killed a vault guard
  7913 | D        | Killed a vault guard
  7913 | D        | Reached XP level 16. HP: 113/113 MP: 26/32
  7932 | D        | Killed a vault guard
  7944 | D        | Killed a vault guard
  7944 | D        | Received a gift from Trog
  7964 | D        | Killed a vault guard
  7981 | D        | Killed a vault guard
  7991 | D        | Got a crystal dagger {god gift}
  8008 | D        | Noticed a deep elf conjurer
  8008 | D        | Noticed a stone giant
  8008 | D        | Noticed an ironbrand convoker
  8008 | D        | Noticed a boulder beetle
  8008 | D        | Noticed a yaktaur captain
  8008 | D        | Noticed a stone giant
  8008 | D        | Noticed an orc knight
  8009 | D        | Noticed a wolf spider
  8010 | D        | Killed a deep elf conjurer
  8011 | D        | Noticed an ironheart preserver
  8012 | D        | Killed a stone giant
  8013 | D        | Noticed an orc knight
  8014 | D        | Killed an ironbrand convoker
  8014 | D        | Received a gift from Trog
  8015 | D        | Noticed an ironbrand convoker
  8016 | D        | Killed a boulder beetle
  8017 | D        | Noticed a shadow dragon
  8018 | D        | Killed a yaktaur captain
  8019 | D        | Noticed an ogre mage
  8021 | D        | Killed a stone giant
  8022 | D        | Noticed a shadow dragon
  8023 | D        | Killed an orc knight
  8024 | D        | Killed a wolf spider
  8025 | D        | Noticed a deep elf knight
  8027 | D        | Killed an ironheart preserver
  8027 | D        | Received a gift from Trog
  8028 | D        | Noticed an ironbrand convoker
  8029 | D        | Killed an orc knight
  8030 | D        | Killed an ironbrand convoker
  8056 | D        | Noticed a vampire knight
  8056 | D        | Noticed a sphinx
  8056 | D        | Noticed a Killer Klown
  8067 | D        | Killed a shadow dragon
  8075 | D        | Killed an ogre mage
  8096 | D        | Killed a vampire knight
  8096 | D        | Received a gift from Trog
  8100 | D        | Noticed a deep elf death mage
  8104 | D        | Killed a shadow dragon
  8106 | D        | Received a gift from Trog
  8109 | D        | Killed a deep elf knight
  8109 | D        | Received a gift from Trog
  8115 | D        | Killed an ironbrand convoker
  8115 | D        | Received a gift from Trog
  8117 | D        | Killed a sphinx
  8304 | D        | Killed a Killer Klown
  8304 | D        | Received a gift from Trog
  8304 | D        | Reached skill level 27 in Fighting
  8404 | D        | Killed a deep elf death mage
  8404 | D        | Received a gift from Trog
  8431 | D        | Identified the +0 falchion "Mnoneicone" {freeze, Noisy rElec rPois+ rN+ Str+3} (Trog gifted it to you in the Dungeon)
  8433 | D        | Identified the +5 dagger of Symmetry {pierce, +Blink +Rage rC- SInv Stlth+} (Trog gifted it to you in the Dungeon)
  8435 | D        | Noticed a hornet
  8435 | D        | Noticed a shadow dragon
  8435 | D        | Noticed a yaktaur
  8435 | D        | Noticed a yaktaur
  8435 | D        | Noticed a stone giant
  8435 | D        | Noticed a shadow dragon
  8435 | D        | Noticed a yaktaur captain
  8446 | D        | Noticed a shadow dragon
  8452 | D        | Killed a hornet
  8453 | D        | Noticed a shadow dragon
  8498 | D        | Killed a shadow dragon
  8508 | D        | Killed a yaktaur
  8513 | D        | Killed a yaktaur
  8513 | D        | Received a gift from Trog
  8528 | D        | Killed a stone giant
  8562 | D        | Killed a shadow dragon
  8574 | D        | Killed a yaktaur captain
  8604 | D        | Killed a shadow dragon
  8885 | D        | Killed a shadow dragon
  8888 | D        | Got a bone quick blade
  8893 | D        | Got a silver rune of Zot
  8913 | D        | Identified the +9 quick blade of Dissolution {pain, Contam Int+4} (You found it in the Dungeon)
  8965 | D        | Killed a black bear
  8997 | D        | Noticed Boris
  9004 | D        | Noticed a hell knight
  9005 | D        | Noticed a hell knight
  9006 | D        | Noticed a hell knight
  9007 | D        | Noticed Margery
  9008 | D        | Noticed a hell knight
  9009 | D        | Noticed a hell knight
  9022 | D        | Noticed a hell knight
  9092 | D        | Killed Boris
  9092 | D        | Reached skill level 5 in Shields
  9376 | D        | Killed Margery
  9376 | D        | Received a gift from Trog
  9378 | D        | Received a gift from Trog
  9532 | D        | Killed a hell knight
  9547 | D        | Killed a hell knight
  9564 | D        | Killed a hell knight
  9568 | D        | Received a gift from Trog
  9598 | D        | Killed a hell knight
  9634 | D        | Killed a hell knight
  9634 | D        | Received a gift from Trog
  9664 | D        | Killed a hell knight
  9664 | D        | Received a gift from Trog
  9664 | D        | Reached skill level 10 in Shields
  9749 | D        | Got the ring of Suspected Treachery {rC+ EV+3}
  9751 | D        | Got the ring of Kesihink {rPois+ Str+3 Dex+3}
  9753 | D        | Got the amulet "Bistra" {rCorr Dex+3}
  9755 | D        | Got the ring of Cowardice {Fire rElec MR+ MP+9 Str-3 Stlth+}
  9757 | D        | Got the ring "Paluf" {rF+ Dex+3}
  9785 | D        | Got the +5 lajatang of Yzyos {slice, +Rage rF+ rN+ Dex+3}
  9893 | D        | Got the +5 broad axe of Sticlox {pain, MR++ Dex-5}
 10017 | D        | Killed an orc wizard
 10031 | D        | Noticed Jory
 10069 | D        | Killed Jory
 10204 | D        | Noticed Mennas
 10332 | D        | Killed Mennas
 10476 | D        | Noticed a cyclops
 10476 | D        | Noticed a gargoyle
 10476 | D        | Noticed a crimson imp
 10476 | D        | Noticed an orc knight
 10476 | D        | Noticed a purple ugly thing
 10476 | D        | Noticed a catoblepas
 10477 | D        | Noticed a yaktaur
 10478 | D        | Killed a cyclops
 10479 | D        | Noticed a crocodile
 10480 | D        | Killed a gargoyle
 10482 | D        | Killed a crimson imp
 10484 | D        | Killed an orc knight
 10484 | D        | Received a gift from Trog
 10486 | D        | Killed a purple ugly thing
 10486 | D        | Reached XP level 17. HP: 121/121 MP: 10/32
 10488 | D        | Killed a catoblepas
 10488 | D        | Received a gift from Trog
 10491 | D        | Killed a yaktaur
 10493 | D        | Killed a crocodile
 10514 | D        | Noticed a storm dragon
 10514 | D        | Noticed a white draconian
 10514 | D        | Noticed a storm dragon
 10514 | D        | Noticed a fire dragon
 10514 | D        | Noticed an ice dragon
 10514 | D        | Noticed an ice dragon
 10514 | D        | Noticed an ice dragon
 10515 | D        | Noticed a mottled dragon
 10516 | D        | Killed a storm dragon
 10516 | D        | Received a gift from Trog
 10517 | D        | Noticed a grey draconian
 10530 | D        | Killed a white draconian
 10531 | D        | Noticed a mottled draconian
 10560 | D        | Killed a storm dragon
 10560 | D        | Received a gift from Trog
 10564 | D        | Noticed a purple draconian
 10579 | D        | Killed a fire dragon
 10595 | D        | Killed an ice dragon
 10599 | D        | Received a gift from Trog
 10609 | D        | Killed an ice dragon
 10625 | D        | Killed an ice dragon
 10627 | D        | Killed a mottled dragon
 10666 | D        | Killed a grey draconian
 10672 | D        | Killed a mottled draconian
 10676 | D        | Killed a purple draconian
 10681 | D        | Received a gift from Trog
 10689 | D        | Noticed a fire dragon
 10689 | D        | Noticed a white draconian
 10689 | D        | Noticed a moth of wrath
 10689 | D        | Noticed a tentacled monstrosity
 10689 | D        | Noticed a purple draconian knight
 10689 | D        | Noticed a mottled draconian monk
 10689 | D        | Noticed a black draconian
 10694 | D        | Killed a fire dragon
 10717 | D        | Killed a white draconian
 10721 | D        | Killed a moth of wrath
 10721 | D        | Received a gift from Trog
 10736 | D        | Killed a tentacled monstrosity
 10778 | D        | Killed a purple draconian knight
 10778 | D        | Received a gift from Trog
 10778 | D        | Reached skill level 15 in Armour
 10800 | D        | Killed a mottled draconian monk
 10820 | D        | Killed a black draconian
 10843 | D        | Noticed a black draconian
 10843 | D        | Noticed a yellow draconian shifter
 10843 | D        | Noticed a red draconian scorcher
 10843 | D        | Noticed a grey draconian annihilator
 10843 | D        | Noticed a yellow draconian
 10843 | D        | Noticed a yellow draconian
 10843 | D        | Noticed a moth of wrath
 10844 | D        | Noticed a mottled draconian
 10845 | D        | Killed a black draconian
 10847 | D        | Killed a yellow draconian shifter
 10847 | D        | Received a gift from Trog
 10849 | D        | Killed a red draconian scorcher
 10849 | D        | Received a gift from Trog
 10851 | D        | Killed a grey draconian annihilator
 10851 | D        | Received a gift from Trog
 10851 | D        | Received a gift from Trog
 10853 | D        | Killed a yellow draconian
 10853 | D        | Received a gift from Trog
 10855 | D        | Killed a yellow draconian
 10857 | D        | Killed a moth of wrath
 10859 | D        | Killed a mottled draconian
 10879 | D        | Noticed a moth of wrath
 10879 | D        | Noticed a yellow draconian
 10879 | D        | Noticed a purple draconian
 10879 | D        | Noticed a red draconian
 10879 | D        | Noticed a pale draconian knight
 10879 | D        | Noticed a shadow dragon
 10879 | D        | Noticed a moth of wrath
 10880 | D        | Noticed a yellow draconian
 10888 | D        | Killed a moth of wrath
 10889 | D        | Noticed a moth of wrath
 10938 | D        | Killed a pale draconian knight
 10938 | D        | Received a gift from Trog
 10963 | D        | Killed a yellow draconian
 10986 | D        | Killed a purple draconian
 10986 | D        | Received a gift from Trog
 11016 | D        | Killed a red draconian
 11045 | D        | Killed a shadow dragon
 11052 | D        | Killed a moth of wrath
 11071 | D        | Killed a yellow draconian
 11076 | D        | Killed a moth of wrath
 11078 | D        | Received a gift from Trog
 11082 | D        | Received a gift from Trog
 11115 | D        | Noticed a fire dragon
 11115 | D        | Noticed an ice dragon
 11115 | D        | Noticed a golden dragon
 11115 | D        | Noticed a moth of wrath
 11115 | D        | Noticed a fire dragon
 11115 | D        | Noticed a purple draconian
 11115 | D        | Noticed a white draconian annihilator
 11116 | D        | Noticed a white draconian annihilator
 11155 | D        | Killed a golden dragon
 11411 | D        | Killed a fire dragon
 11434 | D        | Killed an ice dragon
 11440 | D        | Killed a moth of wrath
 11445 | D        | Killed a white draconian annihilator
 11445 | D        | Received a gift from Trog
 11467 | D        | Killed a fire dragon
 11474 | D        | Killed a white draconian annihilator
 11476 | D        | Received a gift from Trog
 11481 | D        | Noticed a death cob
 11485 | D        | Killed a purple draconian
 11503 | D        | Killed a death cob
 11503 | D        | Reached skill level 27 in Short Blades
 11506 | D        | Received a gift from Trog
 11551 | D        | Killed an ogre
 11617 | D        | Noticed an Orb Guardian
 11617 | D        | Noticed an Orb Guardian
 11617 | D        | Noticed an Orb Guardian
 11617 | D        | Noticed an Orb Guardian
 11617 | D        | Noticed an Orb Guardian
 11617 | D        | Noticed an Orb Guardian
 11617 | D        | Noticed an Orb Guardian
 11618 | D        | Noticed an Orb Guardian
 11619 | D        | Killed an Orb Guardian
 11653 | D        | Killed an Orb Guardian
 11654 | D        | Noticed an Orb Guardian
 11675 | D        | Killed an Orb Guardian
 11675 | D        | Received a gift from Trog
 11675 | D        | Reached skill level 15 in Evocations
 11687 | D        | Killed an Orb Guardian
 11708 | D        | Killed an Orb Guardian
 11719 | D        | Killed an Orb Guardian
 11720 | D        | Noticed an Orb Guardian
 11742 | D        | Killed an Orb Guardian
 11742 | D        | Reached XP level 18. HP: 91/127 MP: 38/40
 11756 | D        | Killed an Orb Guardian
 11777 | D        | Killed an Orb Guardian
 11797 | D        | Killed an Orb Guardian
 11797 | D        | Received a gift from Trog
 12021 | D        | Noticed a shadow dragon
 12021 | D        | Noticed a moth of wrath
 12021 | D        | Noticed an Orb Guardian
 12021 | D        | Noticed an Orb Guardian
 12021 | D        | Noticed a tentacled monstrosity
 12021 | D        | Noticed a death cob
 12021 | D        | Noticed an Orb Guardian
 12022 | D        | Noticed an Orb Guardian
 12023 | D        | Killed a shadow dragon
 12025 | D        | Killed a moth of wrath
 12025 | D        | Received a gift from Trog
 12039 | D        | Killed an Orb Guardian
 12053 | D        | Killed an Orb Guardian
 12072 | D        | Killed a tentacled monstrosity
 12072 | D        | Received a gift from Trog
 12078 | D        | Killed a death cob
 12096 | D        | Killed an Orb Guardian
 12096 | D        | Reached skill level 27 in Evocations
 12129 | D        | Killed an Orb Guardian
 12215 | D        | Noticed an ancient lich
 12263 | D        | Noticed a Brimstone Fiend
 12300 | D        | Killed an ancient lich
 12302 | D        | Noticed an orb of fire
 12362 | D        | Gained mutation: You are dopey. (Int -2) [an orb of fire]
 12434 | D        | Killed an orb of fire
 12482 | D        | Noticed an electric golem
 12484 | D        | Killed an electric golem
 12486 | D        | Noticed a storm dragon
 12486 | D        | Noticed an orb of fire
 12486 | D        | Noticed a yellow draconian zealot
 12486 | D        | Noticed an orb of fire
 12486 | D        | Noticed an ancient lich
 12486 | D        | Noticed an Orb Guardian
 12544 | D        | Killed a storm dragon
 12544 | D        | Gained mutation: Your magical capacity is low (-10% MP). [an orb of fire]
 12592 | D        | Gained mutation: You heal slowly when monsters are visible. [an orb of fire]
 12644 | D        | Gained mutation: You tend to lose your temper in combat. [an orb of fire]
 12679 | D        | Killed an orb of fire
 12679 | D        | Reached skill level 15 in Throwing
 13227 | D        | Killed a yellow draconian zealot
 13314 | D        | Killed an orb of fire
 13330 | D        | Lost mutation: You are dopey. (Int -2) [potion of cure mutation]
 13330 | D        | Lost mutation: Your magical capacity is low (-10% MP). [potion of cure mutation]
 13330 | D        | Lost mutation: You tend to lose your temper in combat. [potion of cure mutation]
 13331 | D        | Lost mutation: You heal slowly when monsters are visible. [potion of cure mutation]
 13370 | D        | Noticed an orb of fire
 13417 | D        | Killed an ancient lich
 13433 | D        | Killed an Orb Guardian
 13433 | D        | Received a gift from Trog
 13554 | D        | Gained mutation: You tend to lose your temper in combat. [an orb of fire]
 13648 | D        | Killed an orb of fire
 13648 | D        | Reached XP level 19. HP: 128/132 MP: 16/42
 13694 | D        | Noticed a Killer Klown
 13710 | D        | Noticed a shadow dragon
 13730 | D        | Killed a Killer Klown
 14072 | D        | Killed a shadow dragon
 14098 | D        | Noticed a white draconian knight
 14099 | D        | Noticed a Killer Klown
 14100 | D        | Noticed an ice dragon
 14101 | D        | Noticed an Orb Guardian
 14108 | D        | Killed a Killer Klown
 14148 | D        | Killed a white draconian knight
 14148 | D        | Received a gift from Trog
 14171 | D        | Killed an ice dragon
 14180 | D        | Killed an Orb Guardian
 14208 | D        | Lost mutation: You tend to lose your temper in combat. [potion of cure mutation]
 14216 | D        | Noticed an Orb Guardian
 14216 | D        | Noticed an Orb Guardian
 14216 | D        | Noticed an Orb Guardian
 14216 | D        | Noticed an Orb Guardian
 14216 | D        | Noticed an Orb Guardian
 14216 | D        | Noticed an Orb Guardian
 14216 | D        | Noticed a moth of wrath
 14217 | D        | Noticed an Orb Guardian
 14235 | D        | Killed an Orb Guardian
 14235 | D        | Received a gift from Trog
 14236 | D        | Noticed an Orb Guardian
 14252 | D        | Killed an Orb Guardian
 14252 | D        | Received a gift from Trog
 14275 | D        | Killed an Orb Guardian
 14293 | D        | Killed an Orb Guardian
 14323 | D        | Killed an Orb Guardian
 14323 | D        | Received a gift from Trog
 14339 | D        | Killed an Orb Guardian
 14339 | D        | Received a gift from Trog
 14340 | D        | Noticed an Orb Guardian
 14348 | D        | Killed a moth of wrath
 14362 | D        | Killed an Orb Guardian
 14390 | D        | Killed an Orb Guardian
 14408 | D        | Killed an Orb Guardian
 14409 | D        | Noticed an Orb Guardian
 14432 | D        | Killed an Orb Guardian
 14436 | D        | Noticed an Orb Guardian
 14440 | D        | Noticed a moth of wrath
 14442 | D        | Killed a moth of wrath
 14449 | D        | Killed an Orb Guardian
 14449 | D        | Received a gift from Trog
 14453 | D        | Noticed an Orb Guardian
 14461 | D        | Killed an Orb Guardian
 14586 | D        | Noticed a spriggan baker
 14586 | D        | Killed a spriggan baker
 14586 | D        | Killed a spriggan baker
 14587 | D        | Killed a spriggan baker
 14595 | D        | Noticed a spriggan baker
 14595 | D        | Killed a spriggan baker
 14596 | D        | Killed a spriggan baker
 14596 | D        | Received a gift from Trog
 14605 | D        | Killed a spriggan baker
 14627 | D        | Noticed a spriggan baker
 14627 | D        | Noticed a spriggan baker
 14627 | D        | Noticed a spriggan baker
 14628 | D        | Killed a spriggan baker
 14628 | D        | Received a gift from Trog
 14631 | D        | Noticed a spriggan baker
 14633 | D        | Killed a spriggan baker
 14642 | D        | Killed a spriggan baker
 14644 | D        | Killed a spriggan baker
 14657 | D        | Received a gift from Trog
 14682 | D        | Noticed a deep elf demonologist
 14682 | D        | Noticed a deep elf sorcerer
 14682 | D        | Noticed a deep elf demonologist
 14682 | D        | Noticed a deep elf high priest
 14682 | D        | Noticed a deep elf blademaster
 14683 | D        | Noticed a deep elf high priest
 14684 | D        | Noticed a deep elf demonologist
 14694 | D        | Killed a deep elf sorcerer
 14701 | D        | Noticed a deep elf death mage
 14705 | D        | Killed a deep elf blademaster
 14998 | D        | Killed a deep elf high priest
 15041 | D        | Noticed a deep elf blademaster
 15055 | D        | Killed a deep elf blademaster
 15074 | D        | Noticed a deep elf sorcerer
 15079 | D        | Killed a deep elf sorcerer
 15114 | D        | Noticed a deep elf demonologist
 15158 | D        | Killed a deep elf demonologist
 15158 | D        | Received a gift from Trog
 15161 | D        | Got a crystal rapier {god gift}
 15162 | D        | Identified the -1 rapier of the Middle {flame, rC+ Str+3} (Trog gifted it to you in the Dungeon)
 15199 | D        | Killed a deep elf death mage
 15217 | D        | Killed a deep elf demonologist
 15263 | D        | Killed a deep elf demonologist
 15263 | D        | Received a gift from Trog
 15277 | D        | Received a gift from Trog
 15318 | D        | Killed a deep elf high priest
 15318 | D        | Received a gift from Trog
 15350 | D        | Noticed a deep elf demonologist
 15358 | D        | Killed a deep elf demonologist
 15358 | D        | Received a gift from Trog
 15370 | D        | Got an elven rune of Zot
 15694 | D        | Killed a deep elf demonologist
 15846 | D        | Got the Orb of Zot
 16095 | D        | Received a gift from Trog
 16157 | D        | Received a gift from Trog
 16164 | D        | Noticed Ghunan the pandemonium lord
 16168 | D        | Noticed an ancient lich
 16199 | D        | Killed Ghunan the pandemonium lord
 16222 | D        | Killed an ancient lich
 16222 | D        | Reached skill level 27 in Armour
 16271 | D        | Received a gift from Trog
 16301 | D        | Received a gift from Trog
 16513 | D        | Noticed Throxidgha the pandemonium lord
 16546 | D        | Killed Throxidgha the pandemonium lord
 16546 | D        | Received a gift from Trog
 16546 | D        | Reached skill level 15 in Shields
 16569 | D        | Reached XP level 20. HP: 40/137 MP: 0/43
 16854 | D        | Received a gift from Trog
 16993 | D        | Received a gift from Trog
 17113 | D        | Noticed Thuweuss the pandemonium lord
 17184 | D        | Killed Thuweuss the pandemonium lord
 17184 | D        | Received a gift from Trog
 17185 | D        | Received a gift from Trog
 17322 | D        | Noticed Frur the pandemonium lord
 17374 | D        | Killed Frur the pandemonium lord
 17388 | D        | Received a gift from Trog
 17547 | D        | Noticed Wicsacs the pandemonium lord
 17633 | D        | Killed Wicsacs the pandemonium lord
 17680 | D        | Received a gift from Trog
 17767 | D        | Received a gift from Trog
 17836 | D        | Noticed Ciba the pandemonium lord
 17881 | D        | Killed Ciba the pandemonium lord
 17895 | D        | Received a gift from Trog
 17911 | D        | Received a gift from Trog
 18056 | D        | Received a gift from Trog
 18113 | D        | Bought a royal jelly for 26 gold pieces
 18124 | D        | Bought a potion of magic for 104 gold pieces
 18124 | D        | Bought a potion of magic for 104 gold pieces
 18127 | D        | Noticed Keezoh the pandemonium lord
 18131 | D        | Gained mutation: You can spit poison. [a shining eye]
 18142 | D        | Killed Keezoh the pandemonium lord
 18142 | D        | Received a gift from Trog
 18151 | D        | Noticed Trysiov the pandemonium lord
 18207 | D        | Killed Trysiov the pandemonium lord
 18209 | D        | Got a warped quick blade {god gift}
 18276 | D        | Identified the +8 quick blade "Qaqelodo" {antimagic, rF+ rC+} (Trog gifted it to you in the Dungeon)
 18315 | D        | Gained mutation: You are frail (-10% HP). [a cacodemon]
 18321 | D        | Received a gift from Trog
 18398 | D        | Received a gift from Trog
 18398 | D        | Reached skill level 27 in Shields
 18465 | D        | Received a gift from Trog
 18556 | D        | Received a gift from Trog
 18603 | D        | Reached XP level 21. HP: 33/127 MP: 3/44
 18685 | D        | Received a gift from Trog
 18700 | D        | Noticed Dobben the pandemonium lord
 18722 | D        | Killed Dobben the pandemonium lord
 18773 | D        | Received a gift from Trog
 18842 | D        | Received a gift from Trog
 18931 | D        | Received a gift from Trog
 18979 | D        | Received a gift from Trog
 19046 | D        | Reached skill level 27 in Throwing
 19063 | D        | Received a gift from Trog
 19074 | D        | Received a gift from Trog
 19109 | D        | Lost mutation: You can spit poison. [potion of cure mutation]
 19109 | D        | Lost mutation: You are frail (-10% HP). [potion of cure mutation]
 19113 | D        | Escaped with the Orb!

Action                   |  1- 3 |  4- 6 |  7- 9 | 10-12 | 13-15 | 16-18 | 19-21 || total
-------------------------+-------+-------+-------+-------+-------+-------+-------++-------
Melee: Short sword       |    50 |       |    65 |   337 |       |       |       ||   452
       Rapier            |     1 |    10 |    13 |   218 |  1150 |  1245 |  1183 ||  3820
       Quick blade       |       |       |    17 |       |   124 |   952 |    29 ||  1122
Throw: Tomahawk          |       |       |       |       |    39 |    44 |   406 ||   489
Invok: Berserk           |     2 |       |     2 |     1 |       |       |     1 ||     6
       Trog's Hand       |     1 |       |     6 |    15 |    21 |    32 |    29 ||   104
       Brothers in Arms  |       |       |     2 |    10 |    10 |     5 |     1 ||    28
       Burn Spellbooks   |       |       |       |       |       |       |     1 ||     1
 Abil: Evoke Invisibilit |       |       |       |       |     1 |     3 |       ||     4
Evoke: Wand              |       |     1 |       |    15 |    13 |       |    15 ||    44
  Use: Potion            |     1 |       |     1 |     3 |     5 |     4 |    10 ||    24
       Scroll            |       |       |       |     1 |     2 |    11 |     3 ||    17
 Stab: Sleeping          |     2 |       |     5 |     4 |    10 |    23 |       ||    44
       Fleeing           |       |       |     1 |     1 |       |     1 |       ||     3
       Invisible         |       |       |       |     8 |     3 |     9 |       ||    20
       Distracted        |       |       |       |       |     2 |     3 |       ||     5
       Held in net/web   |       |       |       |       |       |       |     1 ||     1
  Eat: Bread ration      |       |       |     1 |     2 |     2 |     4 |     2 ||    11
       Fruit             |       |       |       |     3 |     5 |     1 |     8 ||    17
